 Dungeon Crawl Stone Soup version 0.21.0-24-g2553a33 (webtiles) character file.

7 tidbits the Covered (level 2, 17/26 HPs)
             Began as a Gnoll Wanderer on Jan 19, 2018.
             Quit the game on level 3 of the Dungeon.
             The game lasted 00:01:22 (177 turns).

tidbits the Covered (Gnoll Wanderer)                 Turns: 177, Time: 00:01:23

Health: 17/26      AC:  9    Str: 14    XL:     2   Next: 4%
Magic:  5/5        EV: 10    Int: 14    God:
Gold:   24         SH:  0    Dex: 14    Spells: 1/1 levels left

rFire    . . .     SeeInvis .   b - +0 mace
rCold    . . .     Gourm    .   (no shield)
rNeg     . . .     Faith    .   a - +2 scale mail
rPois    .         Spirit   .   (no helmet)
rElec    .         Reflect  .   (no cloak)
rCorr    .         Harm     .   (no gloves)
MR       .....                  (no boots)
Stlth    ..........             (no amulet)
HPRegen  0.08/turn              (no ring)
MPRegen  0.09/turn              (no ring)

@: confused
A: distributed training, fangs 1, strong nose
a: no special abilities


You were on level 3 of the Dungeon.
You were not hungry.

You visited 1 branch of the dungeon, and saw 3 of its levels.

You collected 24 gold pieces.

Inventory:

Hand Weapons
 b - a +0 mace (weapon)
 c - a +0 hand axe
 f - a +0 short sword
Armour
 a - a +2 scale mail (worn)
Scrolls
 e - a scroll of immolation {unknown}
Potions
 g - a potion of heal wounds {unknown}
 h - a potion of mutation {unknown}
Comestibles
 d - 2 rations


   Skills:
 + Level 4.4 Fighting
 + Level 0.2 Short Blades
 + Level 0.2 Long Blades
 + Level 2.4 Axes
 + Level 0.2 Maces & Flails
 + Level 0.2 Polearms
 + Level 0.2 Staves
 + Level 0.2 Slings
 + Level 0.2 Bows
 + Level 0.2 Crossbows
 + Level 0.2 Throwing
 + Level 6.4 Armour
 + Level 2.4 Dodging
 + Level 2.2 Stealth
 + Level 0.2 Shields
 + Level 0.2 Unarmed Combat
 + Level 0.2 Spellcasting
 + Level 0.1 Conjurations
 + Level 0.1 Hexes
 + Level 0.1 Charms
 + Level 0.1 Summonings
 + Level 0.1 Necromancy
 + Level 0.1 Translocations
 + Level 0.1 Transmutations
 + Level 0.1 Fire Magic
 + Level 0.1 Ice Magic
 + Level 0.1 Air Magic
 + Level 0.1 Earth Magic
 + Level 0.1 Poison Magic
 + Level 0.3 Invocations
 + Level 4.4 Evocations


You had one spell level left.
You didn't know any spells.

Dungeon Overview and Level Annotations

Branches:
Dungeon (3/15)

Altars:


Innate Abilities, Weirdness & Mutations

Your experience applies equally to all skills.
You have very sharp teeth.
Your uncanny sense of smell can sniff out nearby items.


Message History

The hobgoblin hits you but does no damage.
The hobgoblin completely misses you.
You barely miss the hobgoblin.
The hobgoblin is moderately wounded.
The hobgoblin hits you but does no damage.
You hit the hobgoblin.
You kill the hobgoblin!
The ball python bites you but does no damage.
The ball python grabs you. The ball python constricts you.
You closely miss the ball python.
The ball python bites you but does no damage.
The ball python constricts you.
The ball python bites you but does no damage.
The ball python constricts you.
Your scale mail prevents you from hitting the ball python.
The ball python bites you. The ball python constricts you.
You closely miss the ball python.
The ball python bites you but does no damage.
The ball python constricts you.
The ball python bites you but does no damage.
The ball python constricts you.
You barely miss the ball python. You bite the ball python.
The ball python is heavily wounded.
The ball python bites you but does no damage.
The ball python constricts you.
The ball python bites you but does no damage.
The ball python constricts you.
You sock the ball python!
You kill the ball python!
You hit the hobgoblin.
The hobgoblin is almost dead.
The hobgoblin closely misses you. The hobgoblin hits you.
You hit the hobgoblin.
You kill the hobgoblin!
Items here: ) ††† a club; a hobgoblin corpse; a ball python corpse; a hobgoblin corpse
d - 2 rations (gained 1) Autopickup is now off.
A rat comes into view.
The rat bites you but does no damage.
You hit the rat but do no damage. Your bite misses the rat.
The rat barely misses you.
You hit the rat.
You kill the rat!
You see here a rat corpse.
Found a fuming ruby potion.
A frilled lizard comes into view.
The frilled lizard hisses angrily.
You see here a fuming ruby potion.
g - a fuming ruby potion A worm comes into view.
Found a stone staircase leading down.
The worm bites you.
A giant cockroach comes into view.
The giant cockroach waves its antennae.
There is a stone staircase leading down here.
Unknown command.
You climb downwards.
A quokka comes into view.
Found a spear and an emerald potion.
Found an escape hatch in the floor.
There is a stone staircase leading up here.
Found a leather armour.
You see here an emerald potion.
h - an emerald potion The quokka bites you but does no damage.
You open the door. The quokka bites you.
* * * LOW HITPOINT WARNING * * *
Found 11 gold pieces.
You closely miss the quokka. The quokka barely misses you.
You hit the quokka.
You kill the quokka!
No target in view!
No target in view!
No target in view!
There is an open door here.
You see here 11 gold pieces.
You now have 24 gold pieces (gained 11).
There is an escape hatch in the floor here.
A rat comes into view.
Found 17 stones.
You hit the rat.
You kill the rat!
You have reached level 2!
A rat, 3 orcs and an orc wizard come into view.
The orc shouts! x3; The orc wizard shouts!
You hear a shout!
The orc wizard picks up a scroll labeled ADUNAR QEUDOO.
Found a fuming emerald potion.
An orc comes into view. It is wielding a club.
The orc shouts!
You hear a bark! x2
The rat closely misses you.
You hit the rat but do no damage. The rat bites you but does no damage.
You hit the rat.
You kill the rat!
The orc wizard casts a spell at you.
You are confused.
The orc wizard casts a spell at you. You resist with significant effort.
The orc wizard mumbles some strange words.
The orc wizard flickers and vanishes!
Are you sure you want to abandon this character and quit the game? (Confirm with "yes".)

# #.#.#.# #.#.#o#.#
# #.#.#.#o#.#
#.#.#.#.#o#.#
...##.#.#...#o#.#
#.[.........#{#.#
#...#.#.###.#.#.#
#...#.#.........#
#####..#.#.....#@###
....)..#.#.........#
.................#.#
..<.......†......#.#
.....#.........#.# #
...†>#...........#
.....#.......#####
.#'#.#.......... ∆
.#.#.#....#..###


You could see 4 orcs.

Vanquished Creatures
  A ball python (D:2)
  2 hobgoblins (D:2)
  A quokka (D:3)
  3 rats
7 creatures vanquished.

Notes
Turn   | Place    | Note
-------+----------+-------------------------------------------
     0 | D:1      | tidbits the Gnoll Wanderer began the quest for the Orb.
     0 | D:1      | tidbits set off with: a +2 scale mail, a +0 mace, a +0 hand axe, a ration
     0 | D:1      | Reached XP level 1. HP: 20/20 MP: 3/3
   165 | D:3      | Reached XP level 2. HP: 15/26 MP: 5/5
   177 | D:3      | Quit the game

Action                   || total
-------------------------++-------
Melee: Mace              ||    19
       Bite              ||     1
Armor: Scale mail        ||    12
Dodge: Dodged            ||     6

Table legend:
 A = Turns spent in this place as a percentage of turns spent in the entire game.
 B = Non-inter-level travel turns spent in this place as a percentage of non-inter-level travel turns spent in the entire game.
 C = Inter-level travel turns spent in this place as a percentage of turns spent in this place.
 D = Turns resting spent in this place as a percentage of non-inter-level travel turns spent in this place.
 E = Turns spent auto-exploring this place as a percentage of non-inter-level travel turns spent in this place.
 F = Non-inter-level travel turns spent in this place divided by the number of levels of this place that you've seen.
                   A       B       C       D       E      F
               +-------+-------+-------+-------+-------+----------------------
         Total | 100.0 | 100.0 |   0.0 |   0.0 |   0.0 |  59.0
       Dungeon | 100.0 | 100.0 |   0.0 |   0.0 |   0.0 |  59.0
               +-------+-------+-------+-------+-------+----------------------

Table legend:
 A = Kills in this place as a percentage of kills in entire the game.
 B = Kills by you in this place as a percentage of kills by you in the entire game.
 C = Kills by friends in this place as a percentage of kills by friends in the entire game.
 D = Other kills in this place as a percentage of other kills in the entire game.
 E = Experience gained in this place as a percentage of experience gained in the entire game.
 F = Experience gained in this place divided by the number of levels of this place that you have seen.
                   A       B       C       D       E      F
               +-------+-------+-------+-------+-------+----------------------
         Total | 100.0 | 100.0 |   N/A |   N/A | 100.0 |   3.7
       Dungeon | 100.0 | 100.0 |   N/A |   N/A | 100.0 |   3.7
               +-------+-------+-------+-------+-------+----------------------

Vault maps used:
D:1:      tarquinn_simple_flora_water_e, grunt_decor_one_mirror,
          minmay_misc_feat_columns
D:2:      minmay_roachtagon, marbit_many_paths, overflow_temple_1_default,
          tgw_xom, first_ration, nemelex_xobeh_ov_fountains_minmay,
          uniq_jessica, uniq_sigmund, uniq_crazy_yiuf_cottage
